Arrhythmia, chaotic female vampiric Convict ------------- |...........| ----------- |...<.......| |........... ########.........._.| |...... ##|..........@| | -.---------a- ### Arrhythmia the Jail-bird Experience level: 7 Strength: 17 Dexterity: 12 Constitution: 16 Intelligence: 15 Wisdom: 9 Charisma: 6 Health: 0(60) Energy: 37(37) AC: 10 Gold: 253 Moves: 1933 Your Inventory: Coins $ - 253 gold pieces Weapons g - a [blessed +1] crude bow [of reflection (orcish)] Armor b - a cursed +0 striped shirt (being worn) o - an [uncursed] +0 hooded cloak [dwarvish] (being worn) Scrolls d - a blessed scroll of food detection e - a blessed scroll of gold detection i - an uncursed scroll of enchant weapon j - an uncursed scroll of create monster n - 4 [uncursed] unlabeled scrolls [of blank paper] q - a [cursed] scroll of identify r - 2 [uncursed] scrolls of identify t - a [blessed] scroll of identify u - an [uncursed] scroll labeled ZLORFIK [of light] Potions p - an [uncursed] puce potion [of invisibility] Rings v - an [uncursed] opal ring [of protection from shape changers] Wands f - an uncursed wand of opening (0:6) k - an [uncursed] wand of magic missile [0:3] Tools m - an [uncursed tallow] candle Iron balls c - an [uncursed] heavy iron ball (chained to you) (weapon in hand) Spells known in the end: Name Level Category Fail Memory Your skills at the end: Fighting Skills Weapon Skills sling [Basic / Skilled] Spellcasting Skills Final Attributes: You were devoutly aligned. Hunger level was 591. Your alignment was 19 / 19. Monster difficulty range was 0 - 6. Level difficulty was 5. You were immune to poison. You were immune to level-drain. You were immune to sickness. You were punished. You could fly. You could survive without air. You regenerated. Your luck was zero. You are dead. Vanquished creatures: a dingo a soldier ant 3 shriekers a gnome lord a straw golem a paper golem a giant ant a little dog a dwarf 2 hill orcs a rothe a wererat a werejackal 2 iguanas 3 killer bees 2 coyotes 3 hobbits a giant rat 2 cave spiders 2 yellow molds a green mold 8 gnomes 2 garter snakes 2 geckos 10 jackals a kobold 2 goblins 2 grid bugs 3 lichens a kobold zombie a newt 64 creatures vanquished. Voluntary challenges: You went without food. You never hit with a wielded weapon. You read items or engraved 3 times. You put on armor 2 times. You never genocided any monsters. You never polymorphed an object. You never changed form. You used no wishes. You abstained from Elbereth's help. You never encountered a bones level. You never used any Sokoban shortcuts. Dungeon overview: The Dungeons of Doom: levels 1 to 5 Level 1 a long staircase Level 2 a fountain Level 3 a fountain stairs to The Gnomish Mines Level 4 a scroll shop Level 5 <- You were here The Gnomish Mines: Level 4 stairs to The Dungeons of Doom History has recorded: On T:1 you entered the Dungeons of Doom to retrieve the Amulet of Yendor! On T:198 you reached level 2 of The Dungeons of Doom. On T:223 you advanced to experience level 2. On T:243 you advanced to experience level 3. On T:633 you reached level 3 of The Dungeons of Doom. On T:709 you advanced to experience level 4. On T:729 you reached level 1 of The Gnomish Mines. On T:755 you advanced to experience level 5. On T:1095 you advanced to experience level 6. On T:1582 you reached level 4 of The Dungeons of Doom. On T:1885 you reached level 5 of The Dungeons of Doom. On T:1908 you advanced to experience level 7. Latest messages: The soldier ant bites! The soldier ant stings! [HP-10=30] You miss the soldier ant. You bite the soldier ant. The soldier ant bites! The soldier ant stings! The soldier ant bites! The soldier ant stings! [HP-27=3] You miss the soldier ant. You bite the soldier ant. You feed on the lifeblood. The soldier ant suddenly seems weaker! The soldier ant dies! [HP+1=4] You feel better. The soldier ant bites! The soldier ant stings! The soldier ant bites! The soldier ant stings! You die... Final status: Goodbye Arrhythmia the Convict... You died in The Dungeons of Doom on dungeon level 5 with 2692 points, and 253 pieces of gold, after 1933 moves. You were level 7 with a maximum of 60 hit points when you died.